 Dungeon Crawl Stone Soup version 0.28-a0-519-gbfeecf2fc5 (webtiles) character file.

Game seed: 12739588940297468781

16 insectpublic the Skirmisher (level 2, 0/27 HPs)
             Began as a Hill Orc Fighter on Sept 24, 2021.
             Succumbed to an adder's poison
             ... on level 2 of the Dungeon.
             The game lasted 00:04:57 (1088 turns).

insectpublic the Skirmisher (Hill Orc Fighter)      Turns: 1088, Time: 00:04:58

Health: 0/27       AC:  6    Str: 18    XL:     2   Next: 58%
Magic:  2/2        EV:  9    Int:  8    God:
Gold:   47         SH:  4    Dex: 10    Spells: 0/1 levels left

rFire   . . .      SeeInvis .   a - +0 war axe
rCold   . . .      Faith    .   c - +0 buckler
rNeg    . . .      Spirit   .   b - +0 scale mail
rPois   .          Reflect  .   (no helmet)
rElec   .          Harm     .   (no cloak)
rCorr   .          Rampage  .   (no gloves)
Will    .....                   (no boots)
Stlth   ..........              (no amulet)
HPRegen 0.09/turn               (no ring)
MPRegen 0.08/turn               (no ring)

@: lethally poisoned (0 -> -6)
A: no striking features
a: no special abilities


You were on level 2 of the Dungeon.
You visited 1 branch of the dungeon, and saw 2 of its levels.

You collected 47 gold pieces.

Inventory:

Hand Weapons
 a - a +0 war axe (weapon)
Armour
 b - a +0 scale mail (worn)
 c - a +0 buckler (worn)
Scrolls
 e - 2 scrolls of amnesia {unknown}
 h - a scroll of identify {unknown}
 i - a scroll of enchant armour {unknown}
Potions
 d - a potion of might
 f - a potion of lignification {unknown}
 g - a potion of mutation {unknown}


   Skills:
 + Level 4.1 Fighting
 + Level 3.0 Axes
 + Level 3.4 Armour
 + Level 3.5 Shields


You couldn't memorise any spells.
You knew the following spells:

 Your Spells              Type           Power      Damage    Failure   Level
a - Animate Skeleton      Necr           0%         N/A       82%         1

Your spell library contained the following spells:

 Spells                   Type           Power      Damage    Failure   Level
 Apportation              Tloc           0%         N/A       82%         1
 Summon Small Mammal      Summ           0%         N/A       82%         1


Dungeon Overview and Level Annotations

Branches:
Dungeon (2/15)

Altars:


Message History

Unknown command.
Unknown command.
Unknown command.
Okay, then.
Unknown command.
The adder bites you but does no damage. You block the adder's attack.
The hobgoblin closely misses you. The adder bites you but does no damage.
The adder bites you but does no damage.
You enter the shallow water.
Moving in this stuff is going to be slow.
The adder bites you. The adder completely misses you.
You block the ball python's attack. x2; The adder closely misses you. x2
The ball python closely misses you. The ball python grabs you.
The ball python constricts you. The adder bites you.
You are poisoned.
The adder poisons you!
You escape the ball python's grasp.
You feel very sick. The adder closely misses you.
The ball python barely misses you. You block the ball python's attack.
The adder bites you but does no damage.
You feel sick. The adder bites you but does no damage.
You block the adder's attack. The adder barely misses you.
The ball python bites you.
* * * LOW HITPOINT WARNING * * *
The ball python closely misses you. The adder bites you but does no damage.
You feel sick. You block the ball python's attack. x2
The adder barely misses you. The ball python bites you.
* * * LOW HITPOINT WARNING * * *
The ball python barely misses you. The adder barely misses you.
The adder completely misses you.
Unknown command.
You feel sick. The adder bites you but does no damage.
The adder barely misses you.
You feel sick.
You are no longer poisoned.
The adder bites you.
* * * LOW HITPOINT WARNING * * *
You are lethally poisoned!
The adder poisons you!
You die...

###...###........
#............... #.#...####....#
..#############.##..........####
.................#.####.........
...#####...######...#####........
.........###≈≈≈≈###......>.......
......#†###≈≈≈S≈≈###.####........
..... #....≈≈gS.@....#.....######
.... #...≈≈..S......#.#...# ##.
#..≈....≈≈.....# #...# ..
......≈..≈≈..≈....# #...# #
###....≈≈....≈....# #...#
#.......⌠≈≈...........#
#......≈≈⌠........#...#
#.....≈....≈≈...#.#..##
#.....≈..≈≈..≈ # #..#


You could see 2 adders, a hobgoblin and a ball python.

Vanquished Creatures
  An endoplasm (D:1)
  3 giant cockroaches
  3 goblins (D:1)
  A quokka (D:1)
  3 bats
  A frilled lizard (D:1)
  2 kobolds (D:1)
  A rat (D:1)
15 creatures vanquished.

Notes
Turn   | Place    | Note
-------+----------+-------------------------------------------
     0 | D:1      | insectpublic the Hill Orc Fighter began the quest for the
                  | Orb.
     0 | D:1      | Reached XP level 1. HP: 19/19 MP: 1/1
   447 | D:1      | Reached XP level 2. HP: 27/27 MP: 2/2
   761 | D:1      | Reached skill level 4 in Fighting
   770 | D:1      | Learned a level 1 spell: Animate Skeleton
  1088 | D:2      | Succumbed to an adder's poison

Illustrated notes

Levels and vault maps discovered:
D:1:      minmay_arrival_stone_box, layout_basic, palyth_stone_intersect,
          minmay_misc_feat_tower, grunt_decor_junction
D:2:      cheibrodos_helix_gallery, layout_basic, basic_altar, uniq_jessica

Skill      XL: |  1  2 |
---------------+-------+-----
Axes           | 3 |  3.0
Fighting       | 4 |  4.1
Armour         | |  3.4
Shields        | |  3.5

Action                   || total
-------------------------++-------
Melee: War axe           ||    33
Armor: Scale mail        ||    42
Dodge: Dodged            ||    51
Block: Buckler           ||    27

Table legend: (Time is in decaauts)
 A = Elapsed time spent in this place.
 B = Non-inter-level travel time spent in this place.
 C = Inter-level travel time spent in this place.
 D = Time resting spent in this place.
 E = Time spent auto-exploring this place.
 F = Levels seen in this place.
 G = Mean time per level.
                   A        B        C        D        E       F      G
               +--------+--------+--------+--------+--------+-----+--------+
         Total |   1102 |   1102 |      0 |      0 |    749 |   2 |  551.0 |
       Dungeon |   1102 |   1102 |      0 |      0 |    749 |   2 |  551.0 |
               +--------+--------+--------+--------+--------+-----+--------+

Top non-repeatable levels by time:
     D:1: 1033 daAuts
     D:2: 69 daAuts
